 Seeded DCSS version 0.30-a0-310-g7d6cbdfea6 (webtiles) character file.

Game seed: 20221024 (custom seed)

3 flotson the Sneak (level 1, -1/18 HPs)
             Began as a Demonspawn Delver on Oct 24, 2022.
             Slain by an orc
             ... wielding a +0 mace of holy wrath
              (3 damage)
             ... on level 4 of the Dungeon.
             The game lasted 00:00:25 (72 turns).

flotson the Sneak (Demonspawn Delver)                 Turns: 72, Time: 00:00:26

Health: -1/18      AC:  3    Str: 12    XL:     1   Next: 41%
Magic:  1/1        EV: 11    Int: 11    God:
Gold:   0          SH:  0    Dex: 14    Spells: 0/0 levels left

rFire   . . .      SeeInvis .    h - +0 whip
rCold   . . .      Faith    .    (no shield)
rNeg    . . .      Spirit   .    b - +0 leather armour
rPois   .          Reflect  .    (no helmet)
rElec   .          Harm     .    (no cloak)
rCorr   .          Rampage  .    (no gloves)
Will    .....                    (no boots)
Stlth   ++........               (no amulet)
HPRegen 0.23/turn                (no ring)
MPRegen 0.07/turn                (no ring)

@: no status effects
A: no striking features
a: no special abilities


You were on level 4 of the Dungeon.
You visited 1 branch of the dungeon, and saw 2 of its levels.

Inventory:

Hand Weapons
 a - a +0 hand axe
 h - a +0 whip (weapon)
Armour
 b - a +0 leather armour (worn)
Wands
 g - a wand of digging (3)
Scrolls
 c - a scroll of fog
 d - a scroll of magic mapping
 e - a scroll of fear
Potions
 f - a potion of haste


   Skills:
 + Level 3.0 Fighting
 + Level 1.8 Axes
 + Level 1.8 Dodging
 + Level 4.5 Stealth


You couldn't memorise any spells.
You didn't know any spells.
Your spell library was empty.

Dungeon Overview and Level Annotations

Branches:
Dungeon (5/15)
 Temple: D:4-7

Altars:


Message History

The orc shouts!
There is a stone staircase leading down here.
The orc hits you with a +0 dagger.
The helpless ball python fails to defend itself.
You whack the ball python!
You kill the ball python!
The orc hits you but does no damage. The orc attacks as you move away!
The orc misses you.
You see here a ball python corpse.
You closely miss the orc. The orc hits you with a +0 dagger.
You closely miss the orc. The orc barely misses you.
You hit the orc.
The orc is severely wounded.
The orc hits you with a +0 dagger.
You hit the orc.
The orc is almost dead.
The orc hits you with a +0 dagger.
You completely miss the orc.
The orc is almost dead.
The orc closely misses you.
You hit the orc.
You kill the orc!
You hit the orc but do no damage. The orc barely misses you.
You hit the orc.
The orc is lightly wounded.
The orc hits you but does no damage.
You hit the orc but do no damage.
The orc is lightly wounded.
The orc hits you with a +0 mace of holy wrath.
You convulse.
You closely miss the orc.
The orc is lightly wounded.
The orc hits you with a +0 mace of holy wrath.
You convulse.
You hit the orc.
The orc is heavily wounded.
The orc hits you with a +0 mace of holy wrath!
* * * LOW HITPOINT WARNING * * *
You convulse.
You die...

.############
.......@o..>#
##########..#
#....# #..#.#
#..#.# #o.# #
#..# ....


You could see an orc.

Vanquished Creatures
  An orc (D:4)
  A ball python (D:4)
2 creatures vanquished.

Notes
Turn   | Place    | Note
-------+----------+-------------------------------------------
     0 | D:5      | flotson the Demonspawn Delver began the quest for the Orb.
     0 | D:5      | Reached XP level 1. HP: 18/18 MP: 1/1
    30 | D:5      | Noticed an orc wizard
    72 | D:4      | Slain by an orc

Illustrated notes

Levels and vault maps discovered:
D:4:      layout_basic, gammafunk_ghost_grave
D:5:      layout_loops_ring

Action                   || total
-------------------------++-------
Melee: Whip              ||    12
 Stab: Sleeping          ||     1
Armor: Leather armour    ||     2
Dodge: Dodged            ||     7

Table legend: (Time is in decaauts)
 A = Elapsed time spent in this place.
 B = Non-inter-level travel time spent in this place.
 C = Inter-level travel time spent in this place.
 D = Time resting spent in this place.
 E = Time spent auto-exploring this place.
 F = Levels seen in this place.
 G = Mean time per level.
                   A        B        C        D        E       F      G
               +--------+--------+--------+--------+--------+-----+--------+
         Total |     72 |     72 |      0 |      0 |      8 |   2 |   36.0 |
       Dungeon |     72 |     72 |      0 |      0 |      8 |   2 |   36.0 |
               +--------+--------+--------+--------+--------+-----+--------+

Top non-repeatable levels by time:
     D:5: 55 daAuts
     D:4: 16 daAuts
